[ PARTIDA AOE2 · #476806793 ]
Team RMCeltas vs Franks
[ ANÁLISIS DE REPETICIÓN · EXTRAÍDO DE LA PARTIDA GRABADA ]
Feudal
13:55
Castillos
20:20
Imperial
37:28
| APM promedio | 15.3 |
| APM pico | 62 |
| eAPM promedio | 8.3 |
| Aldeanos / militares | 88 / 60 |
Foco
⚔️ 18.7% · 🌾 81.3%
Spearman ×36 · Woad Raider ×8 · Skirmisher ×4 · Trebuchet (Packed) ×4 · Knight ×3 · Scout Cavalry ×3
Feudal
11:02
Castillos
17:02
Imperial
—
| APM promedio | 28.8 |
| APM pico | 68 |
| eAPM promedio | 11.9 |
| Aldeanos / militares | 116 / 27 |
Foco
⚔️ 22.9% · 🌾 77.1%
Knight ×14 · Archer ×8 · Throwing Axeman ×5
Feudal
12:30
Castillos
17:59
Imperial
43:11
| APM promedio | 29.3 |
| APM pico | 52 |
| eAPM promedio | 11.1 |
| Aldeanos / militares | 92 / 139 |
Foco
⚔️ 33.2% · 🌾 66.8%
Archer ×122 · Monk ×6 · Battering Ram ×5 · Militia ×4 · Mangonel ×2
Feudal
11:55
Castillos
22:51
Imperial
—
| APM promedio | 23.4 |
| APM pico | 77 |
| eAPM promedio | 11.3 |
| Aldeanos / militares | 96 / 11 |
Foco
⚔️ 11.2% · 🌾 88.8%
Militia ×8 · Camel Scout ×3
Feudal
11:16
Castillos
15:49
Imperial
40:34
| APM promedio | 30.2 |
| APM pico | 59 |
| eAPM promedio | 19.3 |
| Aldeanos / militares | 154 / 186 |
Foco
⚔️ 38.5% · 🌾 61.5%
Bolas Rider ×183 · Kona ×2 · Mangonel ×1
Feudal
11:18
Castillos
21:06
Imperial
—
| APM promedio | 24.2 |
| APM pico | 56 |
| eAPM promedio | 16.4 |
| Aldeanos / militares | 102 / 82 |
Foco
⚔️ 56.9% · 🌾 43.1%
Knight ×74 · Scout Cavalry ×5 · Spearman ×3
Feudal
10:44
Castillos
15:17
Imperial
34:26
| APM promedio | 26.1 |
| APM pico | 79 |
| eAPM promedio | 14.9 |
| Aldeanos / militares | 160 / 77 |
Foco
⚔️ 19.1% · 🌾 80.9%
Fire Lancer ×51 · Rattan Archer ×22 · Trebuchet (Packed) ×3 · Monk ×1
Feudal
13:14
Castillos
19:51
Imperial
45:02
| APM promedio | 27.6 |
| APM pico | 65 |
| eAPM promedio | 15.0 |
| Aldeanos / militares | 108 / 88 |
Foco
⚔️ 33.5% · 🌾 66.5%
Scout Cavalry ×36 · Mangudai ×32 · Cavalry Archer ×11 · Steppe Lancer ×6 · Archer ×3
Mapa de la partida
Recursos iniciales + cada clic de construcción. Líneas = muros · curvas = relieve. ◆ oro · ⬟ piedra · ● bayas · ✦ reliquia · ◌ hueco del cierre
Tu base· Abierta — hueco de 7t
Base de 风间妙男子· Abierta — hueco de 9t
Base de Bubbles879· Abierta — hueco de 4t
Base de NguyenVi· Abierta — hueco de 7t
Base de Pol Pot·波尔布特· Abierta — hueco de 15t
Base de Evil Mechanic· Abierta — hueco de 14t
Base de dangphu252· Abierta — hueco de 15t
Base de Satuplese· Abierta — flanco sin cerrar
Terreno inicial suavizado · ◌ = hueco del cierre detectado · pasá el cursor para detalles
Inputs por minuto
— solor - - 风间妙男子
Build order — solor
Primeras 150 de 230 acciones detectadas
| 0:15 | Construir | Town Center |
| 0:32 | Construir | House |
| 0:33 | Construir | House |
| 1:56 | Crear | Villager (Male) |
| 1:56 | Crear | Villager (Male) |
| 1:56 | Crear | Villager (Male) |
| 1:57 | Crear | Villager (Male) |
| 2:30 | Construir | Lumber Camp |
| 2:57 | Crear | Villager (Male) |
| 3:17 | Crear | Villager (Male) |
| 3:45 | Crear | Villager (Male) |
| 4:13 | Crear | Villager (Male) |
| 4:46 | Construir | House |
| 4:49 | Construir | House |
| 4:57 | Crear | Villager (Male) |
| 5:38 | Crear | Villager (Male) |
| 5:39 | Crear | Villager (Male) |
| 6:09 | Crear | Villager (Male) |
| 6:30 | Crear | Villager (Male) |
| 6:56 | Crear | Villager (Male) |
| 6:56 | Crear | Villager (Male) |
| 7:15 | Crear | Villager (Male) |
| 7:15 | Crear | Villager (Male) |
| 7:47 | Crear | Villager (Male) |
| 8:39 | Crear | Villager (Male) |
| 8:40 | Crear | Villager (Male) |
| 8:57 | Construir | Lumber Camp |
| 9:01 | Crear | Villager (Male) |
| 9:02 | Crear | Villager (Male) |
| 9:48 | Construir | Barracks |
| 9:50 | Construir | House |
| 9:52 | Construir | House |
| 10:04 | Construir | Mining Camp |
| 10:59 | Crear | Villager (Male) |
| 11:45 | Investigar | Feudal Age |
| 12:25 | Construir | Mill |
| 12:37 | Investigar | Loom |
| 12:37 | Crear | Villager (Male) |
| 12:37 | Crear | Villager (Male) |
| 12:38 | Crear | Villager (Male) |
| 13:55 | Edad | Edad Feudal |
| 13:57 | Crear | Villager (Male) |
| 13:58 | Crear | Villager (Male) |
| 14:56 | Construir | Stable |
| 15:05 | Construir | Market |
| 15:35 | Crear | Spearman |
| 15:43 | Construir | Farm |
| 15:43 | Construir | Farm |
| 15:52 | Construir | Farm |
| 15:52 | Construir | Farm |
| 15:52 | Construir | Farm |
| 15:53 | Construir | Farm |
| 15:53 | Construir | Farm |
| 15:53 | Construir | Farm |
| 15:54 | Construir | Farm |
| 16:12 | Construir | Mining Camp |
| 16:20 | Crear | Villager (Male) |
| 16:27 | Construir | Farm |
| 16:28 | Construir | Farm |
| 16:28 | Construir | Farm |
| 16:28 | Construir | Farm |
| 16:58 | Crear | Villager (Male) |
| 17:05 | Construir | Farm |
| 17:06 | Construir | Farm |
| 17:06 | Construir | Farm |
| 17:06 | Construir | Farm |
| 17:06 | Construir | Farm |
| 17:40 | Investigar | Castle Age |
| 17:48 | Construir | Farm |
| 18:28 | Crear | Spearman |
| 18:28 | Crear | Spearman |
| 19:03 | Crear | Scout Cavalry |
| 19:04 | Crear | Scout Cavalry |
| 19:04 | Crear | Scout Cavalry |
| 19:19 | Crear | Villager (Male) |
| 19:19 | Crear | Villager (Male) |
| 19:37 | Construir | Barracks |
| 19:40 | Investigar | Double-Bit Axe |
| 20:20 | Edad | Edad de los Castillos |
| 20:38 | Construir | Archery Range |
| 21:03 | Crear | Knight |
| 21:03 | Crear | Knight |
| 21:03 | Crear | Knight |
| 21:22 | Crear | Skirmisher |
| 21:22 | Crear | Skirmisher |
| 21:23 | Crear | Skirmisher |
| 21:23 | Crear | Skirmisher |
| 22:10 | Crear | Villager (Male) |
| 22:10 | Crear | Villager (Male) |
| 22:10 | Crear | Villager (Male) |
| 22:11 | Crear | Villager (Male) |
| 22:14 | Crear | Villager (Male) |
| 22:14 | Crear | Villager (Male) |
| 22:14 | Crear | Villager (Male) |
| 22:36 | Investigar | Elite Skirmisher (upgrade) |
| 23:17 | Investigar | Pikeman (upgrade) |
| 23:18 | Crear | Spearman ×5 |
| 23:18 | Crear | Spearman |
| 23:40 | Construir | Castle |
| 23:48 | Crear | Villager (Male) |
| 23:49 | Crear | Villager (Male) |
| 23:49 | Crear | Villager (Male) |
| 24:11 | Crear | Spearman ×5 |
| 24:11 | Crear | Spearman ×2 |
| 24:27 | Crear | Villager (Male) |
| 24:27 | Crear | Villager (Male) |
| 25:15 | Construir | Mining Camp |
| 25:22 | Construir | Farm |
| 25:23 | Construir | Farm |
| 25:24 | Construir | Farm |
| 26:13 | Crear | Villager (Male) |
| 26:13 | Crear | Villager (Male) |
| 26:13 | Crear | Villager (Male) |
| 26:13 | Crear | Villager (Male) |
| 26:35 | Crear | Spearman ×4 |
| 26:44 | Construir | Blacksmith |
| 27:24 | Construir | Farm |
| 27:41 | Crear | Spearman ×5 |
| 27:42 | Crear | Spearman |
| 28:16 | Construir | Town Center |
| 28:43 | Crear | Villager (Male) |
| 28:43 | Crear | Villager (Male) |
| 28:44 | Crear | Villager (Male) |
| 29:01 | Construir | Farm |
| 29:02 | Construir | Farm |
| 29:07 | Construir | Farm |
| 29:33 | Construir | Farm |
| 29:56 | Crear | Villager (Male) |
| 29:57 | Crear | Villager (Male) |
| 29:57 | Crear | Villager (Male) |
| 30:00 | Crear | Villager (Male) |
| 30:00 | Crear | Villager (Male) |
| 30:09 | Construir | Farm |
| 30:09 | Construir | Farm |
| 30:10 | Construir | Farm |
| 30:10 | Construir | Farm |
| 30:10 | Construir | Farm |
| 30:35 | Construir | Town Center |
| 31:06 | Construir | Siege Workshop |
| 31:12 | Crear | Villager (Male) |
| 31:12 | Crear | Villager (Male) |
| 31:12 | Crear | Villager (Male) |
| 31:12 | Crear | Villager (Male) |
| 31:13 | Crear | Villager (Male) |
| 31:13 | Crear | Villager (Male) |
| 31:33 | Investigar | Gold Mining |
| 31:33 | Investigar | Stone Mining |
| 31:45 | Construir | Farm |
| 31:45 | Construir | Farm |
| 31:46 | Construir | Farm |
Build order — 风间妙男子
Primeras 150 de 243 acciones detectadas
| 0:06 | Construir | Town Center |
| 1:10 | Crear | Villager (Male) |
| 1:10 | Crear | Villager (Male) |
| 1:10 | Crear | Villager (Male) |
| 1:11 | Crear | Villager (Male) |
| 1:11 | Crear | Villager (Male) |
| 1:40 | Construir | Lumber Camp |
| 1:50 | Crear | Villager (Male) |
| 1:50 | Crear | Villager (Male) |
| 2:47 | Crear | Villager (Male) |
| 2:59 | Construir | Mill |
| 3:12 | Crear | Villager (Male) |
| 3:36 | Crear | Villager (Male) |
| 3:55 | Crear | Villager (Male) |
| 4:35 | Crear | Villager (Male) |
| 5:02 | Crear | Villager (Male) |
| 5:20 | Crear | Villager (Male) |
| 5:53 | Construir | House |
| 5:58 | Construir | Mining Camp |
| 6:02 | Crear | Villager (Male) |
| 6:20 | Crear | Villager (Male) |
| 7:00 | Construir | House |
| 7:31 | Crear | Villager (Male) |
| 7:36 | Crear | Villager (Male) |
| 7:36 | Crear | Villager (Male) |
| 8:01 | Construir | Mill |
| 8:14 | Crear | Villager (Male) |
| 8:33 | Investigar | Feudal Age |
| 8:54 | Investigar | Loom |
| 9:27 | Construir | House |
| 9:40 | Construir | Palisade Wall |
| 10:11 | Construir | Mill |
| 10:25 | Crear | Villager (Male) |
| 10:25 | Crear | Villager (Male) |
| 10:45 | Construir | Mill |
| 11:02 | Edad | Edad Feudal |
| 11:25 | Construir | Lumber Camp |
| 11:57 | Crear | Villager (Male) |
| 11:57 | Crear | Villager (Male) |
| 12:43 | Crear | Villager (Male) |
| 12:44 | Crear | Villager (Male) |
| 13:19 | Construir | Market |
| 13:31 | Construir | Blacksmith |
| 13:42 | Crear | Villager (Male) |
| 13:43 | Crear | Villager (Male) |
| 14:04 | Construir | Lumber Camp |
| 14:19 | Investigar | Castle Age |
| 14:32 | Construir | Barracks |
| 14:43 | Construir | House |
| 14:51 | Construir | House |
| 14:52 | Construir | House |
| 15:02 | Investigar | Double-Bit Axe |
| 15:13 | Investigar | Wheelbarrow |
| 15:34 | Construir | Stable |
| 17:02 | Edad | Edad de los Castillos |
| 17:07 | Construir | Town Center |
| 17:37 | Investigar | Husbandry |
| 17:38 | Crear | Knight |
| 17:43 | Crear | Knight |
| 17:48 | Investigar | Scale Barding Armor |
| 17:48 | Investigar | Forging |
| 17:52 | Investigar | Gold Mining |
| 17:54 | Crear | Villager (Male) |
| 17:55 | Crear | Villager (Male) |
| 18:25 | Construir | Stable |
| 18:40 | Crear | Villager (Male) |
| 18:45 | Construir | Mining Camp |
| 18:49 | Crear | Villager (Male) |
| 18:53 | Crear | Villager (Male) |
| 18:53 | Crear | Villager (Male) |
| 19:12 | Construir | Mill |
| 20:21 | Crear | Villager (Male) |
| 20:21 | Crear | Villager (Male) |
| 20:38 | Construir | Mill |
| 20:50 | Crear | Knight |
| 21:50 | Construir | Archery Range |
| 21:51 | Construir | Archery Range |
| 21:52 | Construir | Archery Range |
| 21:57 | Crear | Knight |
| 21:57 | Crear | Knight |
| 21:58 | Crear | Knight |
| 21:58 | Crear | Knight |
| 22:09 | Construir | Town Center |
| 22:34 | Crear | Knight |
| 22:35 | Crear | Knight |
| 23:48 | Investigar | Crossbowman (upgrade) |
| 24:03 | Crear | Archer |
| 24:04 | Crear | Archer |
| 24:04 | Crear | Archer |
| 24:19 | Crear | Villager (Male) |
| 24:19 | Crear | Villager (Male) |
| 24:19 | Crear | Villager (Male) |
| 24:31 | Construir | Mill |
| 24:54 | Crear | Archer |
| 24:54 | Crear | Archer |
| 24:55 | Crear | Archer |
| 25:38 | Crear | Archer |
| 25:38 | Crear | Archer |
| 25:43 | Investigar | Padded Archer Armor |
| 26:15 | Construir | Castle |
| 26:26 | Construir | Farm |
| 26:26 | Construir | Farm |
| 26:36 | Construir | Farm |
| 26:36 | Construir | Farm |
| 26:36 | Construir | Farm |
| 26:38 | Crear | Villager (Male) |
| 26:39 | Crear | Villager (Male) |
| 26:39 | Crear | Villager (Male) |
| 27:09 | Construir | House |
| 27:14 | Construir | House |
| 27:15 | Construir | House |
| 28:55 | Crear | Villager (Male) |
| 28:55 | Crear | Villager (Male) |
| 28:56 | Crear | Villager (Male) |
| 28:56 | Crear | Villager (Male) |
| 30:02 | Construir | Town Center |
| 30:23 | Construir | Farm |
| 30:23 | Construir | Farm |
| 30:24 | Construir | Farm |
| 31:31 | Crear | Knight |
| 31:32 | Crear | Knight |
| 31:32 | Crear | Knight |
| 31:32 | Crear | Knight |
| 31:33 | Crear | Knight |
| 32:30 | Construir | Farm |
| 32:30 | Construir | Farm |
| 32:34 | Crear | Villager (Male) |
| 32:34 | Crear | Villager (Male) |
| 32:34 | Crear | Villager (Male) |
| 32:42 | Construir | Farm |
| 32:59 | Construir | Farm |
| 32:59 | Construir | Farm |
| 33:05 | Construir | Farm |
| 33:05 | Construir | Farm |
| 33:05 | Construir | Farm |
| 33:06 | Construir | Farm |
| 33:06 | Construir | Farm |
| 33:06 | Construir | Farm |
| 33:28 | Construir | Farm |
| 33:28 | Construir | Farm |
| 33:31 | Crear | Villager (Male) |
| 33:32 | Crear | Villager (Male) |
| 33:32 | Crear | Villager (Male) |
| 33:32 | Crear | Villager (Male) |
| 33:42 | Construir | Castle |
| 34:07 | Construir | Farm |
| 34:16 | Construir | Farm |
| 34:17 | Crear | Villager (Male) |
| 34:17 | Crear | Villager (Male) |
| 34:18 | Crear | Villager (Male) |
Build order — Bubbles879
Primeras 150 de 268 acciones detectadas
| 0:04 | Construir | Town Center |
| 1:10 | Crear | Villager (Male) |
| 1:11 | Crear | Villager (Male) |
| 1:11 | Crear | Villager (Male) |
| 1:26 | Crear | Villager (Male) |
| 1:59 | Crear | Villager (Male) |
| 1:59 | Crear | Villager (Male) |
| 2:21 | Crear | Villager (Male) |
| 2:37 | Construir | Lumber Camp |
| 2:57 | Crear | Villager (Male) |
| 3:07 | Crear | Villager (Male) |
| 3:49 | Crear | Villager (Male) |
| 3:50 | Crear | Villager (Male) |
| 4:31 | Crear | Villager (Male) |
| 4:32 | Crear | Villager (Male) |
| 4:32 | Crear | Villager (Male) |
| 4:55 | Construir | House |
| 5:09 | Construir | Palisade Wall |
| 5:11 | Construir | Palisade Wall |
| 5:13 | Construir | Palisade Wall |
| 5:15 | Construir | Palisade Wall |
| 5:18 | Construir | Palisade Wall |
| 5:19 | Construir | Palisade Wall |
| 5:21 | Construir | Palisade Wall |
| 5:28 | Construir | Barracks |
| 5:39 | Crear | Villager (Male) |
| 5:39 | Crear | Villager (Male) |
| 6:40 | Crear | Militia |
| 6:40 | Crear | Militia |
| 7:02 | Crear | Villager (Male) |
| 7:07 | Construir | House |
| 7:09 | Construir | House |
| 7:24 | Crear | Villager (Male) |
| 7:24 | Crear | Villager (Male) |
| 7:28 | Crear | Militia |
| 7:28 | Crear | Militia |
| 7:41 | Investigar | Loom |
| 8:26 | Construir | Mill |
| 8:29 | Crear | Villager (Male) |
| 8:30 | Crear | Villager (Male) |
| 9:26 | Crear | Villager (Male) |
| 9:34 | Construir | House |
| 10:04 | Construir | House |
| 10:20 | Investigar | Feudal Age |
| 11:11 | Construir | Mining Camp |
| 12:30 | Edad | Edad Feudal |
| 12:33 | Construir | Archery Range |
| 12:36 | Construir | Archery Range |
| 12:42 | Crear | Villager (Male) |
| 12:43 | Crear | Villager (Male) |
| 12:46 | Construir | Watch Tower |
| 12:58 | Crear | Villager (Male) |
| 12:58 | Crear | Villager (Male) |
| 12:59 | Crear | Villager (Male) |
| 13:04 | Construir | Blacksmith |
| 13:31 | Crear | Archer |
| 13:32 | Crear | Archer |
| 14:00 | Crear | Archer ×2 |
| 14:20 | Crear | Villager (Male) |
| 14:20 | Crear | Villager (Male) |
| 15:02 | Construir | House |
| 15:04 | Construir | House |
| 15:19 | Investigar | Castle Age |
| 15:19 | Investigar | Castle Age |
| 15:30 | Crear | Archer ×3 |
| 15:30 | Crear | Archer ×3 |
| 15:46 | Crear | Archer ×2 |
| 15:46 | Crear | Archer ×2 |
| 16:44 | Construir | Lumber Camp |
| 17:00 | Investigar | Double-Bit Axe |
| 17:59 | Edad | Edad de los Castillos |
| 18:08 | Crear | Villager (Male) |
| 18:09 | Crear | Villager (Male) |
| 18:17 | Construir | Siege Workshop |
| 18:39 | Construir | Farm |
| 18:40 | Construir | Farm |
| 19:19 | Construir | Monastery |
| 19:24 | Crear | Mangonel |
| 19:24 | Crear | Mangonel |
| 19:57 | Crear | Monk |
| 19:57 | Crear | Monk |
| 19:57 | Crear | Monk |
| 20:05 | Construir | Outpost |
| 20:11 | Crear | Monk |
| 20:28 | Construir | Town Center |
| 20:31 | Crear | Villager (Male) |
| 21:03 | Construir | Monastery |
| 21:19 | Construir | House |
| 21:22 | Construir | House |
| 21:36 | Crear | Monk |
| 21:37 | Crear | Monk |
| 21:40 | Crear | Villager (Male) |
| 21:40 | Crear | Villager (Male) |
| 21:45 | Construir | Farm |
| 21:46 | Construir | Farm |
| 21:46 | Construir | Farm |
| 21:47 | Construir | Farm |
| 21:47 | Construir | Farm |
| 21:47 | Construir | Farm |
| 21:48 | Construir | Farm |
| 21:48 | Construir | Farm |
| 22:09 | Construir | House |
| 22:11 | Construir | House |
| 22:12 | Construir | House |
| 24:02 | Construir | Outpost |
| 24:07 | Crear | Villager (Male) |
| 24:08 | Crear | Villager (Male) |
| 24:08 | Crear | Villager (Male) |
| 24:09 | Crear | Villager (Male) |
| 24:12 | Construir | Farm |
| 24:18 | Construir | Farm |
| 24:19 | Construir | Farm |
| 24:19 | Construir | Farm |
| 24:19 | Construir | Farm |
| 24:19 | Construir | Farm |
| 24:20 | Construir | Farm |
| 24:20 | Construir | Farm |
| 24:34 | Crear | Battering Ram |
| 24:58 | Crear | Villager (Male) |
| 24:58 | Crear | Villager (Male) |
| 24:59 | Crear | Villager (Male) |
| 25:24 | Crear | Battering Ram |
| 25:24 | Crear | Battering Ram |
| 25:24 | Crear | Battering Ram |
| 25:25 | Crear | Battering Ram |
| 26:58 | Investigar | Wheelbarrow |
| 26:58 | Investigar | Wheelbarrow |
| 27:27 | Crear | Villager (Male) |
| 27:28 | Crear | Villager (Male) |
| 27:28 | Crear | Villager (Male) |
| 27:29 | Crear | Villager (Male) |
| 27:31 | Construir | Lumber Camp |
| 27:36 | Investigar | Crossbowman (upgrade) |
| 27:36 | Investigar | Crossbowman (upgrade) |
| 27:37 | Crear | Archer ×5 |
| 27:37 | Crear | Archer ×5 |
| 27:38 | Crear | Archer ×5 |
| 27:54 | Investigar | Gold Mining |
| 27:54 | Investigar | Gold Mining |
| 27:57 | Crear | Villager (Male) |
| 28:19 | Construir | House |
| 28:27 | Crear | Villager (Male) |
| 28:27 | Crear | Villager (Male) |
| 28:28 | Crear | Villager (Male) |
| 28:28 | Crear | Villager (Male) |
| 28:34 | Construir | Mining Camp |
| 28:38 | Crear | Archer ×5 |
| 28:39 | Crear | Archer ×5 |
| 28:39 | Crear | Archer ×2 |
| 28:40 | Crear | Villager (Male) |
Build order — NguyenVi
Primeras 150 de 173 acciones detectadas
| 0:41 | Construir | Town Center |
| 1:49 | Crear | Villager (Male) |
| 1:50 | Crear | Villager (Male) |
| 1:50 | Crear | Villager (Male) |
| 1:50 | Crear | Villager (Male) |
| 1:51 | Crear | Villager (Male) |
| 2:55 | Crear | Villager (Male) |
| 2:55 | Crear | Villager (Male) |
| 3:32 | Crear | Villager (Male) |
| 3:33 | Crear | Villager (Male) |
| 4:32 | Crear | Villager (Male) |
| 4:32 | Crear | Villager (Male) |
| 5:09 | Crear | Villager (Male) |
| 5:09 | Crear | Villager (Male) |
| 5:09 | Crear | Villager (Male) |
| 5:43 | Construir | Mill |
| 5:53 | Construir | House |
| 5:55 | Construir | House |
| 6:15 | Crear | Villager (Male) |
| 6:16 | Crear | Villager (Male) |
| 6:33 | Construir | Barracks |
| 7:11 | Construir | Mill |
| 7:17 | Construir | House |
| 8:30 | Crear | Villager (Male) |
| 8:39 | Construir | House |
| 8:41 | Construir | House |
| 9:45 | Investigar | Feudal Age |
| 9:56 | Crear | Militia |
| 9:56 | Crear | Militia |
| 10:22 | Crear | Militia |
| 10:22 | Crear | Militia |
| 10:22 | Crear | Militia |
| 10:55 | Construir | Mill |
| 11:18 | Crear | Militia |
| 11:18 | Crear | Militia |
| 11:18 | Crear | Militia |
| 11:21 | Crear | Villager (Male) |
| 11:21 | Crear | Villager (Male) |
| 11:55 | Edad | Edad Feudal |
| 12:09 | Crear | Villager (Male) |
| 12:10 | Crear | Villager (Male) |
| 12:23 | Construir | Mining Camp |
| 12:42 | Crear | Villager (Male) |
| 12:42 | Crear | Villager (Male) |
| 14:06 | Construir | Farm |
| 14:07 | Construir | Farm |
| 14:08 | Construir | Farm |
| 14:28 | Construir | Farm |
| 14:29 | Construir | Farm |
| 15:08 | Construir | Watch Tower |
| 15:34 | Construir | Farm |
| 15:40 | Construir | Palisade Wall |
| 16:01 | Crear | Villager (Male) |
| 16:02 | Crear | Villager (Male) |
| 16:10 | Construir | Palisade Wall |
| 16:57 | Investigar | Loom |
| 17:44 | Construir | Market |
| 17:47 | Construir | Blacksmith |
| 18:45 | Construir | Blacksmith |
| 18:53 | Construir | Stable |
| 19:00 | Crear | Villager (Male) |
| 19:51 | Construir | Palisade Gate |
| 20:11 | Investigar | Castle Age |
| 20:40 | Construir | Palisade Gate |
| 20:46 | Crear | Villager (Male) |
| 20:47 | Crear | Villager (Male) |
| 20:59 | Construir | Palisade Wall |
| 21:32 | Construir | Mining Camp |
| 21:35 | Crear | Villager (Male) |
| 21:35 | Crear | Villager (Male) |
| 21:56 | Crear | Villager (Male) |
| 21:56 | Crear | Villager (Male) |
| 22:51 | Edad | Edad de los Castillos |
| 22:57 | Crear | Camel Scout |
| 22:58 | Crear | Camel Scout |
| 24:09 | Construir | Stable |
| 27:03 | Construir | Town Center |
| 27:29 | Crear | Camel Scout |
| 29:35 | Construir | Farm |
| 29:36 | Construir | Farm |
| 29:37 | Construir | Farm |
| 31:49 | Crear | Villager (Male) |
| 31:49 | Crear | Villager (Male) |
| 32:28 | Construir | Farm |
| 32:29 | Construir | Farm |
| 32:30 | Construir | Farm |
| 33:22 | Crear | Villager (Male) |
| 33:22 | Crear | Villager (Male) |
| 33:57 | Crear | Villager (Male) |
| 33:57 | Crear | Villager (Male) |
| 34:07 | Construir | Farm |
| 34:08 | Construir | Farm |
| 34:09 | Construir | Farm |
| 34:15 | Crear | Villager (Male) |
| 34:15 | Crear | Villager (Male) |
| 34:15 | Crear | Villager (Male) |
| 34:44 | Crear | Villager (Male) |
| 34:44 | Crear | Villager (Male) |
| 35:14 | Crear | Villager (Male) |
| 35:15 | Crear | Villager (Male) |
| 35:30 | Crear | Villager (Male) |
| 35:30 | Crear | Villager (Male) |
| 35:57 | Crear | Villager (Male) |
| 35:58 | Crear | Villager (Male) |
| 36:21 | Construir | Town Center |
| 36:22 | Crear | Villager (Male) |
| 36:22 | Crear | Villager (Male) |
| 36:48 | Crear | Villager (Male) |
| 36:49 | Crear | Villager (Male) |
| 37:23 | Crear | Villager (Male) |
| 37:24 | Crear | Villager (Male) |
| 37:24 | Crear | Villager (Male) |
| 37:36 | Crear | Villager (Male) |
| 37:48 | Construir | House |
| 37:50 | Construir | House |
| 38:24 | Crear | Villager (Male) |
| 38:24 | Crear | Villager (Male) |
| 38:24 | Crear | Villager (Male) |
| 38:32 | Construir | House |
| 38:35 | Construir | House |
| 38:36 | Crear | Villager (Male) |
| 38:36 | Crear | Villager (Male) |
| 39:20 | Crear | Villager (Male) |
| 39:20 | Crear | Villager (Male) |
| 39:21 | Crear | Villager (Male) |
| 39:28 | Construir | Farm |
| 39:31 | Construir | Farm |
| 39:31 | Construir | Farm |
| 39:37 | Crear | Villager (Male) |
| 39:37 | Crear | Villager (Male) |
| 39:48 | Construir | Farm |
| 39:49 | Construir | Farm |
| 40:19 | Crear | Villager (Male) |
| 40:20 | Crear | Villager (Male) |
| 40:20 | Crear | Villager (Male) |
| 40:46 | Crear | Villager (Male) |
| 40:47 | Crear | Villager (Male) |
| 40:48 | Crear | Villager (Male) |
| 41:08 | Construir | Mining Camp |
| 41:10 | Crear | Villager (Male) |
| 41:11 | Crear | Villager (Male) |
| 41:16 | Construir | Farm |
| 41:36 | Crear | Villager (Male) |
| 41:36 | Crear | Villager (Male) |
| 41:36 | Crear | Villager (Male) |
| 41:48 | Crear | Villager (Male) |
| 41:49 | Crear | Villager (Male) |
| 41:53 | Crear | Villager (Male) |
| 41:54 | Crear | Villager (Male) |
| 42:09 | Crear | Villager (Male) |
Build order — Pol Pot·波尔布特
Primeras 150 de 449 acciones detectadas
| 0:23 | Construir | Town Center |
| 1:30 | Crear | Villager (Male) |
| 1:31 | Crear | Villager (Male) |
| 1:31 | Crear | Villager (Male) |
| 1:31 | Crear | Villager (Male) |
| 1:32 | Crear | Villager (Male) |
| 1:32 | Crear | Villager (Male) |
| 2:06 | Crear | Villager (Male) |
| 2:06 | Crear | Villager (Male) |
| 2:50 | Construir | Settlement |
| 3:04 | Crear | Villager (Male) |
| 3:21 | Crear | Villager (Male) |
| 3:48 | Crear | Villager (Male) |
| 3:49 | Crear | Villager (Male) |
| 3:49 | Crear | Villager (Male) |
| 3:49 | Crear | Villager (Male) |
| 4:03 | Crear | Villager (Male) |
| 4:04 | Crear | Villager (Male) |
| 4:04 | Crear | Villager (Male) |
| 4:58 | Crear | Villager (Male) |
| 6:00 | Crear | Villager (Male) |
| 6:35 | Crear | Villager (Male) |
| 6:40 | Crear | Villager (Male) |
| 6:41 | Crear | Villager (Male) |
| 7:29 | Crear | Villager (Male) |
| 7:34 | Construir | Settlement |
| 7:52 | Crear | Villager (Male) |
| 8:13 | Construir | Settlement |
| 8:41 | Crear | Villager (Male) |
| 9:06 | Investigar | Feudal Age |
| 11:16 | Edad | Edad Feudal |
| 11:19 | Crear | Villager (Male) |
| 11:24 | Investigar | Loom |
| 11:50 | Crear | Villager (Male) |
| 11:58 | Construir | Market |
| 12:03 | Construir | Blacksmith |
| 12:18 | Investigar | Double-Bit Axe |
| 12:41 | Construir | Settlement |
| 12:44 | Crear | Villager (Male) |
| 12:48 | Investigar | Horse Collar |
| 12:58 | Construir | House |
| 13:01 | Investigar | Castle Age |
| 15:31 | Construir | Barracks |
| 15:49 | Edad | Edad de los Castillos |
| 15:55 | Construir | Town Center |
| 16:00 | Crear | Villager (Male) |
| 16:14 | Construir | Town Center |
| 16:40 | Crear | Villager (Male) |
| 16:44 | Crear | Villager (Male) |
| 16:56 | Investigar | Bow Saw |
| 17:05 | Crear | Villager (Male) |
| 17:07 | Crear | Villager (Male) |
| 17:21 | Construir | Farm |
| 17:31 | Construir | Farm |
| 17:32 | Crear | Villager (Male) |
| 17:32 | Crear | Villager (Male) |
| 17:33 | Crear | Villager (Male) |
| 17:45 | Construir | Farm |
| 17:51 | Construir | Farm |
| 17:56 | Crear | Villager (Male) |
| 17:56 | Crear | Villager (Male) |
| 17:56 | Crear | Villager (Male) |
| 18:00 | Construir | Farm |
| 18:04 | Construir | Farm |
| 18:10 | Construir | Farm |
| 18:20 | Construir | Farm |
| 18:23 | Crear | Villager (Male) |
| 18:23 | Crear | Villager (Male) |
| 18:23 | Crear | Villager (Male) |
| 18:28 | Construir | Farm |
| 18:30 | Construir | Farm |
| 18:35 | Crear | Villager (Male) |
| 18:35 | Crear | Villager (Male) |
| 18:35 | Crear | Villager (Male) |
| 18:40 | Construir | Farm |
| 18:50 | Crear | Villager (Male) |
| 18:50 | Crear | Villager (Male) |
| 18:56 | Construir | Farm |
| 19:06 | Construir | Archery Range |
| 19:15 | Crear | Villager (Male) |
| 19:15 | Crear | Villager (Male) |
| 19:21 | Crear | Villager (Male) |
| 19:26 | Construir | Farm |
| 19:42 | Construir | Farm |
| 19:43 | Construir | Farm |
| 19:46 | Crear | Villager (Male) |
| 19:56 | Construir | Archery Range |
| 20:05 | Crear | Villager (Male) |
| 20:05 | Crear | Villager (Male) |
| 20:05 | Crear | Villager (Male) |
| 20:13 | Construir | Farm |
| 20:16 | Construir | Farm |
| 20:20 | Construir | Farm |
| 20:25 | Construir | Farm |
| 20:30 | Construir | Farm |
| 20:31 | Crear | Villager (Male) |
| 20:32 | Crear | Villager (Male) |
| 20:32 | Crear | Villager (Male) |
| 20:40 | Construir | Archery Range |
| 20:56 | Crear | Bolas Rider |
| 20:56 | Crear | Bolas Rider |
| 20:57 | Crear | Bolas Rider |
| 21:00 | Investigar | Fletching |
| 21:23 | Crear | Villager (Male) |
| 21:52 | Construir | Settlement |
| 21:54 | Crear | Villager (Male) |
| 21:54 | Crear | Villager (Male) |
| 22:04 | Crear | Bolas Rider |
| 22:04 | Crear | Bolas Rider |
| 22:04 | Crear | Bolas Rider |
| 22:06 | Construir | House |
| 22:09 | Construir | House |
| 22:09 | Construir | House |
| 22:09 | Construir | House |
| 22:10 | Construir | House |
| 22:11 | Construir | House |
| 22:22 | Crear | Villager (Male) |
| 22:58 | Crear | Villager (Male) |
| 22:59 | Crear | Villager (Male) |
| 23:09 | Investigar | Stone Mining |
| 23:13 | Crear | Villager (Male) |
| 23:51 | Crear | Villager (Male) |
| 23:52 | Crear | Villager (Male) |
| 24:00 | Construir | Town Center |
| 24:09 | Crear | Bolas Rider |
| 24:09 | Crear | Bolas Rider |
| 24:09 | Crear | Bolas Rider |
| 24:10 | Crear | Bolas Rider |
| 24:10 | Crear | Bolas Rider |
| 24:12 | Construir | House |
| 24:29 | Investigar | Bodkin Arrow |
| 24:31 | Crear | Villager (Male) |
| 24:31 | Crear | Villager (Male) |
| 24:39 | Crear | Villager (Male) |
| 24:44 | Construir | House |
| 24:57 | Investigar | Padded Archer Armor |
| 25:19 | Crear | Bolas Rider |
| 25:19 | Crear | Bolas Rider |
| 25:19 | Crear | Bolas Rider |
| 25:20 | Crear | Bolas Rider |
| 25:44 | Crear | Bolas Rider |
| 25:45 | Crear | Bolas Rider |
| 25:49 | Construir | Castle |
| 25:58 | Crear | Villager (Male) |
| 25:58 | Crear | Villager (Male) |
| 25:59 | Crear | Villager (Male) |
| 26:09 | Investigar | Leather Archer Armor |
| 26:46 | Crear | Bolas Rider |
| 26:46 | Crear | Bolas Rider |
| 26:46 | Crear | Bolas Rider |
Build order — Evil Mechanic
Primeras 150 de 290 acciones detectadas
| 0:08 | Construir | Town Center |
| 1:12 | Crear | Villager (Male) ×4 |
| 2:21 | Crear | Villager (Male) ×2 |
| 3:03 | Crear | Villager (Male) |
| 3:18 | Crear | Villager (Male) |
| 3:54 | Crear | Villager (Male) |
| 4:19 | Construir | Lumber Camp |
| 4:31 | Construir | Lumber Camp |
| 4:35 | Crear | Villager (Male) |
| 4:52 | Crear | Villager (Male) |
| 5:17 | Crear | Villager (Male) |
| 5:20 | Construir | House |
| 5:50 | Crear | Villager (Male) |
| 6:02 | Crear | Villager (Male) |
| 6:51 | Crear | Villager (Male) |
| 7:04 | Crear | Villager (Male) |
| 7:08 | Construir | House |
| 7:13 | Construir | Barracks |
| 7:37 | Crear | Villager (Male) |
| 7:50 | Construir | Mill |
| 8:18 | Crear | Villager (Male) |
| 8:25 | Crear | Villager (Male) |
| 8:52 | Investigar | Feudal Age |
| 8:53 | Investigar | Loom |
| 10:05 | Construir | Mining Camp |
| 10:11 | Construir | Farm |
| 11:18 | Edad | Edad Feudal |
| 11:40 | Construir | Stable |
| 11:44 | Crear | Villager (Male) |
| 11:55 | Crear | Spearman |
| 11:55 | Crear | Spearman |
| 11:58 | Crear | Villager (Male) |
| 12:07 | Construir | Watch Tower |
| 12:17 | Crear | Villager (Male) |
| 12:18 | Crear | Spearman |
| 12:21 | Crear | Scout Cavalry |
| 12:21 | Crear | Scout Cavalry |
| 12:34 | Construir | Mill |
| 12:37 | Construir | House |
| 12:41 | Construir | House |
| 12:46 | Construir | Mining Camp |
| 13:05 | Construir | Farm |
| 13:05 | Construir | Farm |
| 13:14 | Crear | Scout Cavalry |
| 13:49 | Crear | Villager (Male) |
| 14:05 | Construir | Palisade Wall |
| 14:08 | Construir | Palisade Wall |
| 14:18 | Crear | Scout Cavalry |
| 14:18 | Crear | Scout Cavalry |
| 14:26 | Construir | Farm |
| 14:28 | Construir | Farm |
| 14:30 | Construir | Farm |
| 15:32 | Crear | Villager (Male) |
| 15:33 | Crear | Villager (Male) |
| 15:33 | Crear | Villager (Male) |
| 15:34 | Crear | Villager (Male) |
| 15:34 | Crear | Villager (Male) |
| 15:37 | Construir | House |
| 15:38 | Construir | House |
| 15:38 | Construir | House |
| 15:38 | Construir | House |
| 15:39 | Construir | House |
| 17:20 | Crear | Villager (Male) |
| 17:44 | Construir | Blacksmith |
| 17:46 | Construir | Market |
| 18:26 | Investigar | Castle Age |
| 18:26 | Investigar | Castle Age |
| 19:47 | Investigar | Bloodlines |
| 20:45 | Construir | Stable |
| 20:48 | Construir | Stable |
| 20:55 | Construir | Farm |
| 20:55 | Construir | Farm |
| 20:55 | Construir | Farm |
| 20:56 | Construir | Farm |
| 20:56 | Construir | Farm |
| 20:56 | Construir | Farm |
| 21:03 | Investigar | Gold Mining |
| 21:05 | Investigar | Horse Collar |
| 21:05 | Investigar | Double-Bit Axe |
| 21:06 | Edad | Edad de los Castillos |
| 21:08 | Investigar | Forging |
| 21:10 | Crear | Knight |
| 21:10 | Crear | Knight |
| 21:12 | Crear | Knight |
| 21:38 | Investigar | Wheelbarrow |
| 21:41 | Investigar | Bow Saw |
| 21:49 | Crear | Knight |
| 21:51 | Crear | Knight |
| 21:51 | Crear | Knight |
| 21:52 | Crear | Knight |
| 22:15 | Crear | Knight |
| 22:15 | Crear | Knight |
| 22:51 | Construir | Town Center |
| 23:14 | Investigar | Scale Barding Armor |
| 23:16 | Investigar | Husbandry |
| 23:50 | Investigar | Town Watch |
| 23:55 | Crear | Knight |
| 23:55 | Crear | Knight |
| 23:56 | Crear | Knight |
| 25:45 | Crear | Knight |
| 25:45 | Crear | Knight |
| 25:46 | Crear | Knight |
| 25:48 | Crear | Villager (Male) |
| 25:48 | Crear | Villager (Male) |
| 25:48 | Crear | Villager (Male) |
| 25:49 | Crear | Villager (Male) |
| 25:49 | Crear | Villager (Male) |
| 25:52 | Crear | Villager (Male) |
| 25:52 | Crear | Villager (Male) |
| 26:17 | Construir | Farm |
| 26:19 | Crear | Villager (Male) |
| 26:20 | Crear | Villager (Male) |
| 26:20 | Crear | Villager (Male) |
| 26:54 | Construir | Farm |
| 26:56 | Crear | Knight |
| 26:56 | Crear | Knight |
| 26:56 | Crear | Knight |
| 27:01 | Construir | Farm |
| 27:01 | Construir | Farm |
| 28:05 | Construir | Town Center |
| 28:09 | Crear | Villager (Male) |
| 28:09 | Crear | Villager (Male) |
| 28:09 | Crear | Villager (Male) |
| 28:10 | Crear | Villager (Male) |
| 28:10 | Crear | Villager (Male) |
| 28:10 | Crear | Villager (Male) |
| 28:10 | Crear | Villager (Male) |
| 28:11 | Crear | Villager (Male) |
| 28:11 | Crear | Villager (Male) |
| 28:11 | Crear | Villager (Male) |
| 28:27 | Crear | Knight |
| 28:27 | Crear | Knight |
| 28:27 | Crear | Knight |
| 29:22 | Crear | Knight |
| 29:23 | Crear | Knight |
| 29:23 | Crear | Knight |
| 30:04 | Crear | Knight |
| 30:04 | Crear | Knight |
| 30:04 | Crear | Knight |
| 30:05 | Crear | Knight |
| 30:05 | Crear | Knight |
| 30:05 | Crear | Knight |
| 31:02 | Investigar | Iron Casting |
| 31:04 | Crear | Knight |
| 31:04 | Crear | Knight |
| 31:10 | Construir | Castle |
| 31:12 | Construir | Castle |
| 31:23 | Construir | Farm |
| 31:29 | Construir | House |
| 31:30 | Construir | House |
Build order — dangphu252
Primeras 150 de 357 acciones detectadas
| 0:08 | Construir | Town Center |
| 1:13 | Crear | Villager (Male) |
| 1:14 | Crear | Villager (Male) |
| 1:14 | Crear | Villager (Male) |
| 1:14 | Crear | Villager (Male) |
| 2:09 | Crear | Villager (Male) |
| 2:09 | Crear | Villager (Male) |
| 2:28 | Crear | Villager (Male) |
| 2:55 | Construir | Lumber Camp |
| 3:05 | Crear | Villager (Male) |
| 3:05 | Crear | Villager (Male) |
| 3:37 | Crear | Villager (Male) |
| 3:37 | Crear | Villager (Male) |
| 4:46 | Crear | Villager (Male) |
| 4:46 | Crear | Villager (Male) |
| 4:55 | Construir | House |
| 5:12 | Crear | Villager (Male) |
| 5:13 | Crear | Villager (Male) |
| 5:22 | Crear | Villager (Male) |
| 5:54 | Crear | Villager (Male) |
| 6:39 | Crear | Villager (Male) |
| 6:57 | Crear | Villager (Male) |
| 6:59 | Investigar | Loom |
| 7:45 | Construir | Mill |
| 7:55 | Crear | Villager (Male) |
| 8:17 | Construir | Mining Camp |
| 8:34 | Investigar | Feudal Age |
| 8:34 | Investigar | Feudal Age |
| 9:21 | Construir | Barracks |
| 9:43 | Construir | Palisade Gate |
| 10:44 | Edad | Edad Feudal |
| 10:52 | Crear | Villager (Male) |
| 11:04 | Construir | Market |
| 11:17 | Construir | Palisade Wall |
| 11:26 | Crear | Villager (Male) |
| 11:58 | Construir | Blacksmith |
| 12:13 | Construir | House |
| 12:36 | Investigar | Double-Bit Axe |
| 12:37 | Investigar | Castle Age |
| 12:37 | Investigar | Castle Age |
| 12:56 | Construir | Palisade Wall |
| 13:15 | Construir | Archery Range |
| 13:24 | Construir | Palisade Wall |
| 13:33 | Investigar | Horse Collar |
| 13:33 | Investigar | Horse Collar |
| 14:48 | Construir | Archery Range |
| 15:03 | Construir | House |
| 15:04 | Construir | House |
| 15:12 | Construir | Palisade Wall |
| 15:17 | Edad | Edad de los Castillos |
| 15:29 | Construir | Town Center |
| 15:46 | Construir | Palisade Wall |
| 15:47 | Construir | Palisade Wall |
| 15:55 | Crear | Villager (Male) |
| 15:58 | Investigar | Bow Saw |
| 15:58 | Investigar | Bow Saw |
| 16:11 | Construir | Farm |
| 16:16 | Construir | Farm |
| 16:24 | Crear | Villager (Male) |
| 16:24 | Crear | Villager (Male) |
| 16:45 | Construir | Farm |
| 16:47 | Construir | Farm |
| 16:50 | Crear | Villager (Male) |
| 16:52 | Crear | Villager (Male) |
| 16:52 | Crear | Villager (Male) |
| 17:01 | Construir | Farm |
| 17:06 | Construir | Farm |
| 17:17 | Construir | Palisade Wall |
| 17:24 | Construir | Palisade Gate |
| 17:38 | Crear | Villager (Male) |
| 17:43 | Construir | Farm |
| 17:46 | Construir | Farm |
| 18:17 | Construir | Stone Wall |
| 18:22 | Crear | Villager (Male) |
| 18:28 | Construir | Farm |
| 18:31 | Construir | Farm |
| 18:34 | Crear | Villager (Male) |
| 18:35 | Crear | Villager (Male) |
| 18:44 | Crear | Villager (Male) |
| 18:44 | Crear | Villager (Male) |
| 18:54 | Construir | Farm |
| 19:04 | Crear | Fire Lancer |
| 19:05 | Crear | Fire Lancer |
| 19:09 | Crear | Villager (Male) |
| 19:16 | Construir | Farm |
| 19:18 | Construir | Farm |
| 19:23 | Construir | Farm |
| 19:25 | Crear | Villager (Male) |
| 19:25 | Crear | Villager (Male) |
| 19:39 | Crear | Villager (Male) |
| 19:39 | Crear | Villager (Male) |
| 20:38 | Crear | Villager (Male) |
| 20:51 | Construir | Town Center |
| 20:55 | Investigar | Wheelbarrow |
| 20:57 | Investigar | Heavy Plow |
| 20:57 | Investigar | Heavy Plow |
| 20:57 | Crear | Villager (Male) |
| 21:06 | Crear | Fire Lancer |
| 21:06 | Crear | Fire Lancer |
| 21:46 | Crear | Villager (Male) |
| 21:46 | Crear | Villager (Male) |
| 21:51 | Construir | House |
| 21:52 | Construir | House |
| 21:54 | Construir | House |
| 21:59 | Crear | Villager (Male) |
| 21:59 | Crear | Villager (Male) |
| 22:11 | Construir | Farm |
| 22:12 | Construir | Farm |
| 22:18 | Construir | Farm |
| 22:20 | Construir | Farm |
| 22:26 | Crear | Villager (Male) |
| 22:26 | Crear | Villager (Male) |
| 22:30 | Construir | Farm |
| 22:32 | Construir | Farm |
| 22:33 | Construir | Farm |
| 22:43 | Construir | Farm |
| 22:45 | Crear | Villager (Male) |
| 22:45 | Crear | Villager (Male) |
| 23:07 | Crear | Fire Lancer |
| 23:07 | Crear | Fire Lancer |
| 23:08 | Crear | Villager (Male) |
| 23:15 | Construir | Barracks |
| 23:21 | Crear | Villager (Male) |
| 23:21 | Crear | Villager (Male) |
| 23:27 | Investigar | Town Watch |
| 23:28 | Crear | Villager (Male) |
| 23:29 | Crear | Villager (Male) |
| 23:35 | Construir | Lumber Camp |
| 23:38 | Crear | Villager (Male) |
| 23:43 | Construir | House |
| 23:45 | Construir | House |
| 24:07 | Investigar | Hand Cart |
| 24:07 | Crear | Villager (Male) |
| 24:15 | Construir | Mill |
| 24:18 | Construir | Farm |
| 24:19 | Construir | Farm |
| 24:21 | Construir | Farm |
| 24:22 | Construir | Farm |
| 24:28 | Construir | Farm |
| 24:29 | Construir | Farm |
| 24:31 | Construir | Farm |
| 24:32 | Crear | Villager (Male) |
| 24:32 | Crear | Villager (Male) |
| 24:32 | Crear | Villager (Male) |
| 24:33 | Crear | Villager (Male) |
| 24:33 | Crear | Villager (Male) |
| 25:01 | Construir | Palisade Gate |
| 25:04 | Construir | House |
| 25:11 | Crear | Fire Lancer |
| 25:14 | Investigar | Forging |
Build order — Satuplese
Primeras 150 de 322 acciones detectadas
| 0:06 | Construir | Town Center |
| 1:48 | Crear | Villager (Male) |
| 1:48 | Crear | Villager (Male) |
| 1:49 | Crear | Villager (Male) |
| 1:49 | Crear | Villager (Male) |
| 2:46 | Crear | Villager (Male) |
| 2:46 | Crear | Villager (Male) |
| 4:00 | Crear | Villager (Male) |
| 4:00 | Crear | Villager (Male) |
| 4:19 | Crear | Villager (Male) |
| 4:19 | Crear | Villager (Male) |
| 4:19 | Crear | Villager (Male) |
| 4:54 | Construir | Mill |
| 4:57 | Crear | Villager (Male) |
| 4:57 | Crear | Villager (Male) |
| 5:17 | Construir | Lumber Camp |
| 5:51 | Investigar | Loom |
| 5:57 | Crear | Villager (Male) |
| 6:40 | Crear | Villager (Male) |
| 6:40 | Crear | Villager (Male) |
| 6:40 | Crear | Villager (Male) |
| 7:48 | Construir | House |
| 7:51 | Construir | House |
| 7:53 | Construir | House |
| 8:23 | Crear | Villager (Male) |
| 8:41 | Crear | Villager (Male) |
| 8:41 | Crear | Villager (Male) |
| 8:43 | Crear | Villager (Male) |
| 9:45 | Construir | Mill |
| 9:54 | Construir | Mill |
| 10:14 | Crear | Villager (Male) |
| 10:15 | Crear | Villager (Male) |
| 10:51 | Investigar | Feudal Age |
| 13:14 | Edad | Edad Feudal |
| 13:24 | Crear | Villager (Male) |
| 13:24 | Crear | Villager (Male) |
| 13:24 | Crear | Villager (Male) |
| 13:25 | Crear | Villager (Male) |
| 13:33 | Construir | Mill |
| 14:01 | Construir | Mill |
| 14:22 | Crear | Villager (Male) |
| 14:22 | Crear | Villager (Male) |
| 14:35 | Construir | Lumber Camp |
| 14:55 | Construir | Market |
| 15:04 | Crear | Villager (Male) |
| 15:04 | Crear | Villager (Male) |
| 15:19 | Crear | Villager (Male) |
| 15:19 | Crear | Villager (Male) |
| 15:27 | Construir | Mining Camp |
| 16:09 | Construir | Blacksmith |
| 16:16 | Construir | House |
| 16:18 | Construir | House |
| 16:26 | Construir | Gate |
| 17:11 | Investigar | Castle Age |
| 17:13 | Investigar | Wheelbarrow |
| 17:42 | Crear | Villager (Male) |
| 17:42 | Crear | Villager (Male) |
| 17:43 | Crear | Villager (Male) |
| 18:22 | Construir | Barracks |
| 18:44 | Construir | House |
| 18:46 | Construir | House |
| 18:49 | Construir | House |
| 18:55 | Construir | Gate |
| 19:13 | Construir | Mill |
| 19:33 | Construir | Mill |
| 19:51 | Edad | Edad de los Castillos |
| 19:53 | Investigar | Gold Mining |
| 19:56 | Investigar | Double-Bit Axe |
| 21:04 | Crear | Villager (Male) |
| 21:04 | Crear | Villager (Male) |
| 21:29 | Construir | Castle |
| 21:39 | Construir | Stable |
| 21:44 | Construir | Stable |
| 22:06 | Crear | Villager (Male) |
| 22:06 | Crear | Villager (Male) |
| 22:23 | Construir | Town Center |
| 22:27 | Crear | Villager (Male) |
| 22:27 | Crear | Villager (Male) |
| 22:27 | Crear | Villager (Male) |
| 22:32 | Investigar | Gold Shaft Mining |
| 22:43 | Investigar | Horse Collar |
| 23:30 | Construir | Archery Range |
| 23:32 | Construir | Archery Range |
| 23:44 | Construir | Archery Range |
| 23:48 | Construir | Archery Range |
| 24:16 | Crear | Villager (Male) |
| 24:16 | Crear | Villager (Male) |
| 24:17 | Crear | Villager (Male) |
| 24:25 | Construir | Lumber Camp |
| 24:28 | Investigar | Bow Saw |
| 24:30 | Crear | Villager (Male) |
| 24:31 | Crear | Villager (Male) |
| 24:31 | Crear | Villager (Male) |
| 24:31 | Crear | Villager (Male) |
| 24:31 | Crear | Villager (Male) |
| 24:32 | Crear | Villager (Male) |
| 24:46 | Crear | Scout Cavalry |
| 24:46 | Crear | Scout Cavalry |
| 24:47 | Crear | Scout Cavalry |
| 24:47 | Crear | Scout Cavalry |
| 24:47 | Crear | Scout Cavalry |
| 24:47 | Crear | Scout Cavalry |
| 24:48 | Investigar | Bloodlines |
| 25:14 | Construir | Farm |
| 25:14 | Construir | Farm |
| 25:15 | Construir | Farm |
| 25:15 | Construir | Farm |
| 25:15 | Construir | Farm |
| 25:15 | Construir | Farm |
| 25:16 | Construir | Farm |
| 25:44 | Crear | Mangudai |
| 25:44 | Crear | Mangudai |
| 25:44 | Crear | Mangudai |
| 25:45 | Crear | Mangudai |
| 25:45 | Crear | Mangudai |
| 26:02 | Construir | Mill |
| 26:19 | Construir | Lumber Camp |
| 26:25 | Investigar | Husbandry |
| 26:29 | Investigar | Light Cavalry (upgrade) |
| 26:30 | Crear | Scout Cavalry |
| 26:30 | Crear | Scout Cavalry |
| 26:30 | Crear | Scout Cavalry |
| 26:40 | Crear | Cavalry Archer |
| 26:40 | Crear | Cavalry Archer |
| 26:40 | Crear | Cavalry Archer |
| 26:40 | Crear | Cavalry Archer |
| 26:41 | Crear | Cavalry Archer |
| 27:50 | Investigar | Forging |
| 28:29 | Crear | Villager (Male) |
| 28:29 | Crear | Villager (Male) |
| 28:30 | Crear | Villager (Male) |
| 28:30 | Crear | Villager (Male) |
| 28:30 | Crear | Villager (Male) |
| 28:30 | Crear | Villager (Male) |
| 28:39 | Construir | Farm |
| 28:39 | Construir | Farm |
| 28:39 | Construir | Farm |
| 28:39 | Construir | Farm |
| 28:39 | Construir | Farm |
| 28:40 | Construir | Farm |
| 28:40 | Construir | Farm |
| 28:45 | Crear | Villager (Male) |
| 28:45 | Crear | Villager (Male) |
| 28:55 | Crear | Mangudai |
| 28:55 | Crear | Mangudai |
| 28:56 | Crear | Mangudai |
| 28:56 | Crear | Mangudai |
| 29:09 | Investigar | Fletching |
| 30:07 | Construir | Mill |
| 30:17 | Crear | Villager (Male) |
Cronología de la partida
| 5:09 | Bubbles879 · wall_segment Palisade Wall x1 |
| 5:11 | Bubbles879 · wall_segment Palisade Wall x1 |
| 5:13 | Bubbles879 · wall_segment Palisade Wall x1 |
| 5:15 | Bubbles879 · wall_segment Palisade Wall x1 |
| 5:18 | Bubbles879 · wall_segment Palisade Wall x1 |
| 5:19 | Bubbles879 · wall_segment Palisade Wall x1 |
| 5:21 | Bubbles879 · wall_segment Palisade Wall x1 |
| 5:28 | Bubbles879 · first_building Barracks |
| 6:33 | NguyenVi · first_building Barracks |
| 7:13 | Evil Mechanic · first_building Barracks |
| 9:21 | dangphu252 · first_building Barracks |
| 9:40 | 风间妙男子 · wall_segment Palisade Wall x8 |
| 9:48 | solor · first_building Barracks |
| 10:44 | dangphu252 · age_up feudal |
| 11:02 | 风间妙男子 · age_up feudal |
| 11:16 | Pol Pot·波尔布特 · age_up feudal |
| 11:17 | dangphu252 · wall_segment Palisade Wall x9 |
| 11:18 | Evil Mechanic · age_up feudal |
| 11:40 | Evil Mechanic · first_building Stable |
| 11:55 | NguyenVi · age_up feudal |
| 12:30 | Bubbles879 · age_up feudal |
| 12:33 | Bubbles879 · first_building Archery Range |
| 12:56 | dangphu252 · wall_segment Palisade Wall x1 |
| 13:14 | Satuplese · age_up feudal |
| 13:15 | dangphu252 · first_building Archery Range |
| 13:24 | dangphu252 · wall_segment Palisade Wall x1 |
| 13:55 | solor · age_up feudal |
| 14:05 | Evil Mechanic · wall_segment Palisade Wall x2 |
| 14:08 | Evil Mechanic · wall_segment Palisade Wall x2 |
| 14:32 | 风间妙男子 · first_building Barracks |
| 14:56 | solor · first_building Stable |
| 15:12 | dangphu252 · wall_segment Palisade Wall x15 |
| 15:17 | dangphu252 · age_up castle |
| 15:31 | Pol Pot·波尔布特 · first_building Barracks |
| 15:34 | 风间妙男子 · first_building Stable |
| 15:40 | NguyenVi · wall_segment Palisade Wall x3 |
| 15:46 | dangphu252 · wall_segment Palisade Wall x7 |
| 15:47 | dangphu252 · wall_segment Palisade Wall x3 |
| 15:49 | Pol Pot·波尔布特 · age_up castle |
| 16:08 | Pol Pot·波尔布特 · first_market_buy 100 wood |
| 16:10 | NguyenVi · wall_segment Palisade Wall x10 |
| 17:02 | 风间妙男子 · age_up castle |
| 17:05 | Satuplese · first_market_sell 100 food |
| 17:17 | dangphu252 · wall_segment Palisade Wall x12 |
| 17:59 | Bubbles879 · age_up castle |
| 18:17 | Bubbles879 · first_building Siege Workshop |
| 18:17 | dangphu252 · wall_segment Stone Wall x11 |
| 18:22 | Satuplese · first_building Barracks |
| 18:53 | NguyenVi · first_building Stable |
| 19:06 | Pol Pot·波尔布特 · first_building Archery Range |
| 19:19 | Bubbles879 · first_building Monastery |
| 19:37 | dangphu252 · first_market_buy 100 food |
| 19:51 | Satuplese · age_up castle |
| 20:20 | solor · age_up castle |
| 20:38 | solor · first_building Archery Range |
| 20:59 | NguyenVi · wall_segment Palisade Wall x5 |
| 21:06 | Evil Mechanic · age_up castle |
| 21:13 | Satuplese · first_market_buy 100 stone |
| 21:29 | Satuplese · first_building Castle |
| 21:39 | Satuplese · first_building Stable |
| 21:50 | 风间妙男子 · first_building Archery Range |
| 22:38 | Pol Pot·波尔布特 · first_market_sell 100 food |
| 22:51 | NguyenVi · age_up castle |
| 23:30 | Satuplese · first_building Archery Range |
| 23:40 | solor · first_building Castle |
| 25:49 | Pol Pot·波尔布特 · first_building Castle |
| 26:15 | 风间妙男子 · first_building Castle |
| 28:17 | dangphu252 · first_building Castle |
| 29:10 | dangphu252 · first_building Monastery |
| 30:24 | solor · first_market_buy 100 stone |
| 31:06 | solor · first_building Siege Workshop |
| 31:10 | Evil Mechanic · first_building Castle |
| 31:49 | Pol Pot·波尔布特 · first_building Siege Workshop |
| 32:58 | Satuplese · wall_segment Stone Wall x11 |
| 34:13 | NguyenVi · first_market_buy 100 food |
| 34:26 | dangphu252 · age_up imperial |
| 36:08 | Bubbles879 · first_building Castle |
| 36:44 | dangphu252 · first_market_sell 100 food |
| 37:28 | solor · age_up imperial |
| 40:34 | Pol Pot·波尔布特 · age_up imperial |
| 42:07 | dangphu252 · tribute_sent a jugador 1 |
| 42:07 | dangphu252 · tribute_sent a jugador 2 |
| 42:07 | dangphu252 · tribute_sent a jugador 3 |
| 42:07 | dangphu252 · tribute_sent a jugador 4 |
| 42:07 | dangphu252 · tribute_sent a jugador 5 |
| 42:07 | dangphu252 · tribute_sent a jugador 6 |
| 42:07 | dangphu252 · tribute_sent a jugador 8 |
| 42:22 | dangphu252 · tribute_sent a jugador 1 |
| 42:22 | dangphu252 · tribute_sent a jugador 2 |
| 42:22 | dangphu252 · tribute_sent a jugador 3 |
| 42:22 | dangphu252 · tribute_sent a jugador 4 |
| 42:22 | dangphu252 · tribute_sent a jugador 5 |
| 42:22 | dangphu252 · tribute_sent a jugador 6 |
| 42:22 | dangphu252 · tribute_sent a jugador 8 |
| 42:56 | Evil Mechanic · resign |
| 43:11 | Bubbles879 · age_up imperial |
| 44:20 | Satuplese · first_building Monastery |
| 44:49 | dangphu252 · tribute_sent a jugador 1 |
| 44:49 | dangphu252 · tribute_sent a jugador 2 |
| 44:49 | dangphu252 · tribute_sent a jugador 3 |
| 44:49 | dangphu252 · tribute_sent a jugador 4 |
| 44:49 | dangphu252 · tribute_sent a jugador 5 |
| 44:49 | dangphu252 · tribute_sent a jugador 6 |
| 44:49 | dangphu252 · tribute_sent a jugador 8 |
| 45:02 | Satuplese · age_up imperial |
[ ANÁLISIS IA · 1 CRÉDITO ]
¿Qué pasó realmente en esta partida?
Wolo.gg analiza cada decisión: build order, eco, micro, errores típicos por bracket. Análisis personalizado por WhatsApp o Discord en 30 segundos.
Guía civ
Celtas
Guía mapa
Steppe
Perfil
solor